 Dungeon Crawl Stone Soup version 0.19-a0-1511-g16f215b (webtiles) character file.

11 jacquesderrida the Chopper (level 2, -1/15 HPs)
             Began as a Vine Stalker Wanderer on Sept 11, 2016.
             Slain by a hobgoblin (3 damage)
             ... on level 2 of the Dungeon.
             The game lasted 00:01:07 (198 turns).

jacquesderrida the Chopper (Vine Stalker Wanderer)   Turns: 198, Time: 00:01:08

Health: -1/15      AC:  2    Str: 13    XL:     2   Next: 25%
Magic:  0/3        EV: 11    Int: 12    God:
Gold:   35         SH:  0    Dex: 14    Spells: 0 memorised, 1 level left

rFire  . . .     SeeInvis .     a - +2 hand axe
rCold  . . .     Gourm    .     e - +0 robe
rNeg   . . .     Faith    .     (no shield)
rPois  .         Spirit   +     (no helmet)
rElec  .         Dismiss  .     (no cloak)
rCorr  .         Reflect  .     (no gloves)
MR     .....     Harm     .     (no boots)
Stlth  +.........               (no amulet)
                                (no ring)
                                (no ring)

@: no status effects
A: fangs 2, magic shield, antimagic bite, no device heal 3, rot immunity
a: no special abilities


You were on level 2 of the Dungeon.
You were not hungry.

You visited 1 branch of the dungeon, and saw 2 of its levels.

You collected 35 gold pieces.

Inventory:

Hand Weapons
 a - a +2 hand axe (weapon)
 b - a +0 hand crossbow
Missiles
 c - 24 bolts
Armour
 e - a +0 robe (worn)
Scrolls
 g - 4 scrolls of enchant weapon {unknown}
 h - a scroll of fog {unknown}
Potions
 d - a potion of curing
Comestibles
 f - a bread ration


   Skills:
 - Level 1.7 Fighting
 - Level 2.6 Axes
 - Level 1.0 Crossbows
 - Level 1.0 Throwing
 - Level 1.5 Armour
 + Level 1.8 Unarmed Combat
   Level 1.0 Evocations


You had one spell level left.
You didn't know any spells.

Dungeon Overview and Level Annotations

Branches:
Dungeon (2/15)

Altars:
Cheibriados

Annotations:
D:2 Natasha, Sigmund


Innate Abilities, Weirdness & Mutations

You have extremely sharp teeth.
When hurt, damage is shared between your health and your magic reserves.
Your bite disrupts and absorbs the magic of your enemies.
Potions and wands cannot restore your health.
You are immune to rotting.


Message History

The kobold closely misses you.
You barely miss the kobold. Your bite misses the kobold. You hit the hobgoblin.
The hobgoblin hits you.
* * * LOW HITPOINT WARNING * * *
The kobold barely misses you.
Natasha casts a spell.
Unknown command.
You closely miss the kobold. Your bite misses the kobold.
You hit the hobgoblin.
The hobgoblin hits you but does no damage.
The kobold barely misses you. The hobgoblin barely misses you.
Unknown command.
You hit the kobold.
The kobold is moderately wounded.
You hit the hobgoblin.
Natasha zaps a wand.
Some rock shatters into small pieces.
It is a wand of digging.
The kobold hits you with a club.
* * * LOW HITPOINT WARNING * * *
The hobgoblin hits you.
You die...

.....#.≈≈≈_..... .##
.....#.≈≈≈≈≈≈≈#.# ##
....##..≈≈≈≈≈##...
(..##....≈≈≈## #.
#........#### .|....#..#
.)..####.## .
.##.......##########l...
.######.......hg@Kg.....
.# #....#...5...##.#####
...........###......#
........##............
........ #.##..........
........ ..###......g .#
..... ### #...?.). . ...
#.......


You could see Natasha, a shadow imp, a hobgoblin, a goblin, a kobold and a giant
newt (wandering).

Vanquished Creatures
  3 goblins
  2 hobgoblins (D:1)
  A kobold (D:1)
  2 bats
  2 rats
10 creatures vanquished.

Notes
Turn   | Place    | Note
-------+----------+-------------------------------------------
     0 | D:1      | jacquesderrida the Vine Stalker Wanderer began the quest for the Orb.
     0 | D:1      | jacquesderrida set off with: a +2 hand axe, a +0 hand crossbow, 24 bolts, a potion of curing, a +0 robe, a bread ration
     0 | D:1      | Reached XP level 1. HP: 11/11 MP: 2/2
    91 | D:1      | Reached skill level 1 in Unarmed Combat
   110 | D:1      | Reached XP level 2. HP: 11/15 MP: 3/3
   141 | D:2      | Found a snail-covered altar of Cheibriados.
   170 | D:2      | Noticed Sigmund
   188 | D:2      | Noticed Natasha
   198 | D:2      | Slain by a hobgoblin

Vault maps used:
D:1:      kilobyte_arrival_exit_the_forest, minmay_crystal_water
D:2:      lemuel_altar_in_water2, uniq_sigmund, uniq_natasha

Skill      XL: |  1 |
---------------+----+-----
Unarmed Combat | 1 |  1.8
Fighting       | |  1.7
Axes           | |  2.6
Crossbows      | |  1.0
Throwing       | |  1.0
Armour         | |  1.5
Evocations     | |  1.0

Action                   || total
-------------------------++-------
Melee: Hand axe          ||    24
       Bite              ||     5
Armor: Robe              ||     9
Dodge: Dodged            ||    21
